 Dungeon Crawl Stone Soup version 0.27.1 (webtiles) character file.

Game seed: 17416797397273314596

684 Urokeeper the Sneak (level 7, -10/52 HPs)
             Began as a Human Brigand on Sept 1, 2021.
             Was a Follower of Dithmenos.
             Mangled by a two-headed ogre (26 damage)
             ... on level 5 of the Dungeon.
             The game lasted 00:19:16 (4191 turns).

Urokeeper the Sneak (Human Brigand)                 Turns: 4191, Time: 00:19:17

Health: -10/52     AC:  8    Str: 12    XL:     7   Next: 93%
Magic:  7/7        EV: 12    Int: 12    God:    Dithmenos [*.....]
Gold:   216        SH:  0    Dex: 15    Spells: 6/6 levels left

rFire    . . .     SeeInvis .   h - +0 short sword
rCold    . . .     Faith    .   (no shield)
rNeg     . . .     Spirit   .   p - +0 leather armour
rPois    .         Reflect  .   r - +0 helmet
rElec    .         Harm     .   y - +0 cloak {Stlth+}
rCorr    .         Rampage  .   (no gloves)
Will     .....                  s - +2 pair of boots
Stlth    +++++.....             j - amulet of regeneration
HPRegen  1.17/turn              (no ring)
MPRegen  0.10/turn              (no ring)

@: wreathed by umbra
A: no striking features
a: Renounce Religion


You were on level 5 of the Dungeon.
You worshipped Dithmenos.
Dithmenos was aware of your devotion.
You visited 2 branches of the dungeon, and saw 6 of its levels.

You collected 216 gold pieces.

Inventory:

Hand Weapons
 a - a +2 dagger
 h - a +0 short sword (weapon)
 i - a +0 spear
 v - a +4 club
 x - a +4 quarterstaff of chaos
Missiles
 d - 8 poisoned darts (quivered)
Armour
 b - a +0 robe
 c - a +0 cloak
 p - a +0 leather armour (worn)
 r - a +0 helmet (worn)
 s - a +2 pair of boots (worn)
 y - a +0 cloak of stealth (worn)
 D - a +2 robe of fire resistance
Jewellery
 j - an amulet of regeneration (around neck)
Wands
 e - a wand of polymorph (4)
 u - a wand of paralysis (5)
 C - a wand of iceblast (8)
 E - a wand of digging (5)
Scrolls
 k - a scroll of blinking
 t - a scroll of enchant armour {unknown}
 w - a scroll of magic mapping {unknown}
 F - a scroll of amnesia {unknown}
Potions
 f - a potion of haste {unknown}
 g - a potion of curing {unknown}
 l - a potion of resistance {unknown}
 m - a potion of heal wounds {unknown}
 o - 4 potions of degeneration
 q - 2 potions of cancellation
 A - a potion of attraction {unknown}
 B - a potion of invisibility {unknown}


   Skills:
 + Level 3.0 Fighting
 + Level 4.4 Short Blades
 + Level 3.0 Throwing
 + Level 3.3 Armour
 + Level 2.6 Dodging
 + Level 5.9 Stealth


You had 6 spell levels left.
You didn't know any spells.
Your spell library contained the following spells:

 Spells                   Type           Power      Damage    Failure   Level
 Pain                     Necr           0%         1d4       38%         1
 Agony                    Necr           0%         N/A       100%        5
 Excruciating Wounds      Necr           0%         N/A       100%        5


Dungeon Overview and Level Annotations

Branches:
Dungeon (5/15)             Temple (1/1) D:4

Altars:
Cheibriados
Dithmenos
Elyvilon
Fedhas
Gozag
Hepliaklqana
Kikubaaqudgha
Nemelex Xobeh
Okawaru
Qazlal
Ru
Sif Muna
Uskayaw
Wu Jian
Xom
Yredelemnul
Zin

Annotations:
D:5 Eustachio


Message History

Aim: a two-headed ogre, wielding a +0 giant spiked club and a +0 giant club (moderately wounded, wandering, poisoned, hasn't noticed you, 75% to hit)
You throw a poisoned dart.
The poisoned dart hits the two-headed ogre.
The two-headed ogre looks even sicker.
The two-headed ogre is moderately wounded.
Throw: 10 darts (poison)
Press: ? - help, Q - select action, (/) - cycle Shift-Dir - straight line, f/p - two-headed ogre
Aim: a two-headed ogre, wielding a +0 giant spiked club and a +0 giant club (moderately wounded, very poisoned, 75% to hit)
You throw a poisoned dart.
The poisoned dart hits the two-headed ogre.
The two-headed ogre looks even sicker.
The two-headed ogre is moderately wounded.
Throw: 9 darts (poison)
Press: ? - help, Q - select action, (/) - cycle Shift-Dir - straight line, f/p - two-headed ogre
Aim: a two-headed ogre, wielding a +0 giant spiked club and a +0 giant club (moderately wounded, very poisoned, 75% to hit)
You throw a poisoned dart.
The poisoned dart hits the two-headed ogre!
The two-headed ogre looks as sick as possible!
The two-headed ogre is moderately wounded.
Found a hand axe.
There is an open door here.
Eustachio, a skeleton and a dart slug come into view.
There is an open door here.
You hit the two-headed ogre but do no damage.
The two-headed ogre is heavily wounded.
The two-headed ogre hits you with a +0 giant spiked club!!
The two-headed ogre barely misses you. The two-headed ogre barely misses you.
The two-headed ogre misses you.
The two-headed ogre hits you with a +0 giant spiked club!
The two-headed ogre barely misses you.
There is an open door, spattered with blood here.
You see here 2 poisoned darts.
You see here a poisoned dart.
There is a stone staircase leading down here.
You hit the two-headed ogre but do no damage.
The two-headed ogre is almost dead.
The two-headed ogre hits you with a +0 giant spiked club!!
The two-headed ogre hits you with a +0 giant club!!
Ouch! That really hurt!
You die...

##(###.<.##
#
#.........#
#.........#
#....#...##
##...#####
##...#
#..>.#
#..O.#
##.@## ####


You could see a two-headed ogre (very poisoned).

Vanquished Creatures
  Sigmund (D:4)
  An ogre (D:4)
  A necrophage (D:5)
  A scorpion (D:4)
  A hound (D:4)
  Crazy Yiuf (D:3)
  Ijyb (D:3)
  2 iguanas (D:4)
  An orc wizard (D:4)
  2 hound skeletons
  2 adders
  A white imp (D:5)
  3 dart slugs
  11 orcs
  5 ball pythons
  5 endoplasms
  A giant cockroach (D:4)
  9 goblins
  7 hobgoblins
  A quokka (D:3)
  4 bats
  4 frilled lizards
  5 kobolds
  8 rats
78 creatures vanquished.

Vanquished Creatures (others)
  A fungus (D:3)
1 creature vanquished.

Grand Total: 79 creatures vanquished

Notes
Turn   | Place    | Note
-------+----------+-------------------------------------------
     0 | D:1      | Urokeeper the Human Brigand began the quest for the Orb.
     0 | D:1      | Reached XP level 1. HP: 16/16 MP: 1/1
   102 | D:1      | Found a faded altar of an unknown god.
   259 | D:1      | Reached XP level 2. HP: 19/22 MP: 2/2
  1046 | D:2      | Reached XP level 3. HP: 27/27 MP: 3/3
  1084 | D:2      | You fall into a shaft and drop 1 floor!
  1568 | D:3      | Reached XP level 4. HP: 33/33 MP: 4/4
  1591 | D:3      | Noticed Ijyb
  1600 | D:3      | Paralysed by Ijyb for 3 turns
  1611 | D:3      | Killed Ijyb
  1612 | D:3      | Reached skill level 1 in Armour
  1729 | D:3      | Found a runed translucent door.
  1730 | D:3      | Noticed Crazy Yiuf
  2029 | D:3      | Killed Crazy Yiuf
  2030 | D:3      | Reached XP level 5. HP: 38/38 MP: 5/5
  2213 | D:2      | Reached skill level 5 in Stealth
  2663 | D:4      | Noticed Sigmund
  2736 | D:4      | Found a staircase to the Ecumenical Temple.
  2746 | Temple   | Entered the Ecumenical Temple
  2827 | Temple   | Became a worshipper of Dithmenos the Shadowed
  3065 | D:4      | Noticed an ogre
  3073 | D:4      | Killed an ogre
  3074 | D:4      | Reached XP level 6. HP: 45/45 MP: 6/6
  3517 | D:4      | Killed Sigmund
  3518 | D:4      | Reached XP level 7. HP: 33/51 MP: 7/7
  3859 | D:4      | Reached * piety under Dithmenos
  4051 | D:5      | Entered Level 5 of the Dungeon
  4141 | D:5      | Noticed a two-headed ogre
  4172 | D:5      | Noticed Eustachio
  4191 | D:5      | Mangled by a two-headed ogre

Illustrated notes

Levels and vault maps discovered:
D:1:      minmay_arrival_stair_chambers, layout_basic,
          ebering_ecumenical_altar_mist
D:2:      layout_basic
D:3:      layout_loops_cross, wad_orctagon, uniq_ijyb, uniq_crazy_yiuf_cottage
D:4:      layout_rooms, minmay_temple_entry_statues, serial_co_window_serial,
          co_window_paths_a, co_window_corner_a, co_window_of_opportunity_a,
          co_window_paths_a, co_window_corner_a, co_window_cross_3,
          co_window_paths_c, co_window_cross_2, co_window_paths_d,
          glass_columns_a, glass_columns_a, skrybe_limestone_x, uniq_sigmund
D:5:      layout_gridville, chequers_temple_overflow_minitemple,
          minmay_misc_feat_square, uniq_eustachio
Temple:   minmay_crystal_spiral_temple

Skill      XL: |  1  2  3  4  5  6  7 |
---------------+----------------------+-----
Armour         | 1 2 3 |  3.3
Stealth        | 5 |  5.9
Short Blades   | 3 4 |  4.4
Dodging        | 2 |  2.6
Throwing       | 3 |  3.0
Fighting       | 3 |  3.0

Action                   |  1- 3 |  4- 6 |  7- 9 || total
-------------------------+-------+-------+-------++-------
Melee: Dagger            |   107 |    19 |       ||   126
       Short sword       |       |   109 |    63 ||   172
Throw: Dart              |       |    16 |     8 ||    24
       Throwing net      |       |     1 |     2 ||     3
  Use: Scroll            |       |       |     3 ||     3
 Stab: Sleeping          |    12 |    10 |     1 ||    23
       Distracted        |       |       |     1 ||     1
Armor: Robe              |    16 |       |       ||    16
       Leather armour    |    14 |    33 |    21 ||    68
Dodge: Dodged            |    53 |    42 |    34 ||   129
